 Dungeon Crawl Stone Soup version 0.15.1-1-gfacfea3 (webtiles) character file.

258 Johnny the Gusty (level 5, -3/40 HPs)
             Began as a Demigod Air Elementalist on Sept 23, 2014.
             Slain by an ogre
             ... wielding a +0 giant club
              (23 damage)
             ... on Level 4 of the Dungeon.
             The game lasted 00:12:41 (3697 turns).

Johnny the Gusty (Demigod Air Elementalist)         Turns: 3697, Time: 00:12:41

HP  -3/40        AC  4     Str 11      XL: 5   Next: 62%
MP   1/22        EV 12     Int 21      God:
Gold 122         SH  0     Dex 17      Spells:  3 memorised,  1 level left

rFire  . . .     SeeInvis .     d - +0 dagger
rCold  . . .     Clarity  .     l - +0 leather armour
rNeg   + . .     rCorr    .     (no shield)
rPois  .         rRot     .     (no helmet)
rElec  .         Spirit   .     (no cloak)
SustAb .         Warding  +     j - +0 pair of gloves
rMut   .         Stasis   .     (no boots)
Gourm  .                        m - amulet of warding
MR     .....                    (no ring)
                                s - ring of magical power

@: very slightly contaminated, not resistant to hostile enchantments, unstealthy
A: no striking features
a: no special abilities


You were on level 4 of the Dungeon.
You were hungry.

You visited 1 branch of the dungeon, and saw 4 of its levels.

You collected 122 gold pieces.

Inventory:

Hand weapons
 d - a +0 dagger (weapon)
Armour
 j - a +0 pair of gloves (worn)
 l - a +0 leather armour (worn)
Magical devices
 x - a wand of fire (5)
Comestibles
 c - a bread ration
 w - 3 meat rations
Scrolls
 a - 2 scrolls of remove curse
 f - 3 scrolls of teleportation
 g - a scroll of enchant armour
 k - a scroll of magic mapping
 q - a scroll of fog
 r - a scroll of amnesia {unknown}
 u - a scroll of random uselessness {unknown}
Jewellery
 m - an amulet of warding (around neck)
 s - a ring of magical power (left hand)
Potions
 e - 2 potions of restore abilities {unknown}
 h - a potion of flight {unknown}
 i - a potion of haste {unknown}
 n - 3 potions of curing {unknown}
 o - a potion of brilliance {unknown}
 p - a potion of cure mutation {unknown}
 t - 2 potions of agility {unknown}
Books
 b - a book of Air

   Spells                             Type                      Level
   *Shock                             Conjuration/Air              1
   Swiftness                          Charms/Air                   2
   Repel Missiles                     Charms/Air                   2
   Flight                             Charms/Air                   3
   *Static Discharge                  Conjuration/Air              3
   Lightning Bolt                     Conjuration/Air              5
 v - a book of Control

   Spells                             Type                      Level
   Control Teleport                   Charms/Translocation         4
   Control Undead                     Necromancy                   4
   *Enslavement                       Hexes                        4
   Metabolic Englaciation             Hexes/Ice                    5
   Mass Confusion                     Hexes                        6


   Skills:
 + Level 1.1 Fighting
 + Level 1.0 Armour
 * Level 2.9 Dodging
 + Level 2.3 Stealth
 * Level 2.9 Spellcasting
 * Level 2.2 Conjurations
 * Level 1.0 Hexes
 * Level 3.3 Air Magic


You had one spell level left.
You knew the following spells:

 Your Spells              Type           Power        Failure   Level  Hunger
a - Shock                 Conj/Air       ##..         4%          1    None
b - Static Discharge      Conj/Air       ##......     14%         3    ###....
c - Enslavement           Hex            #.......     87%         4    ####...


Dungeon Overview and Level Annotations

Branches:
Dungeon (4/15)
 Temple: D:4-7


Message History

The ogre is almost dead.
The lightning arcs!
You are struck by lightning.
The lightning grounds out.
The ogre misses you.
Unknown command.
You barely miss the ogre.
The ogre is almost dead.
The ogre closely misses you.
You closely miss the ogre.
The ogre is almost dead.
The ogre closely misses you.
You barely miss the ogre.
The ogre is almost dead.
You hit the ogre.
The ogre is almost dead.
The ogre closely misses you.
You hit the ogre but do no damage.
The ogre is almost dead.
The ogre hits you with a giant club!!
Ouch! That really hurt!
You die...

#####.### ###.......#
...........#
#.###........
###.#..........
#####.....#........
#####.....#............
#.?...#.....#.#........
#..O@.#.#............
#.....#.#$....#..#....##.
.#.#....[#...........##.
...#...#.#.#.##....##.
#.....###...........# .
..#.#.....#....######
.....#%.....###
....)#.#..# #.#......#


You could see an ogre.

Vanquished Creatures
  An ogre (D:4)
  A scorpion (D:4)
  3 adders
  2 gnolls (D:3)
  A giant mite (D:1)
  2 worms
  11 bats
  18 hobgoblins
  4 jackals (D:1)
  12 kobolds
  3 ball pythons
  2 giant cockroaches (D:2)
  A giant newt (D:4)
  6 goblins
  A goblin skeleton (D:4)
  5 rats
73 creatures vanquished.

Notes
Turn   | Place    | Note
--------------------------------------------------------------
     0 | D:1      | Johnny, the Demigod Air Elementalist, began the quest for the Orb.
     0 | D:1      | Reached XP level 1. HP: 14/14 MP: 3/3
    75 | D:1      | Reached skill level 1 in Conjurations
   426 | D:1      | Reached XP level 2. HP: 20/20 MP: 0/5
   952 | D:1      | Reached skill level 3 in Air Magic
  1218 | D:1      | Reached XP level 3. HP: 24/27 MP: 2/8
  2286 | D:2      | Found an iron altar of Okawaru.
  2302 | D:2      | Learned a level 3 spell: Static Discharge
  2948 | D:3      | Reached XP level 4. HP: 23/34 MP: 11/11
  2951 | D:3      | HP: 1/34 [gnoll/club (5)]
  3325 | D:4      | Reached skill level 1 in Fighting
  3347 | D:4      | Learned a level 4 spell: Enslavement
  3463 | D:4      | Noticed an ogre
  3474 | D:4      | Reached XP level 5. HP: 30/40 MP: 6/13
  3568 | D:4      | Killed an ogre
  3568 | D:4      | Reached skill level 1 in Armour
  3677 | D:4      | Reached skill level 1 in Hexes
  3682 | D:4      | Noticed an ogre
  3697 | D:4      | Slain by an ogre

Action                   |  1- 3 |  4- 6 || total
-------------------------+-------+-------++-------
Melee: Unarmed           |    11 |       ||    11
       Dagger            |    84 |    19 ||   103
 Cast: Shock             |   104 |    39 ||   143
       Static Discharge  |     1 |    14 ||    15
Evoke: Wand              |       |     2 ||     2
  Use: Scroll            |     4 |     3 ||     7
  Eat: Chunk             |     7 |     3 ||    10
